 Dungeon Crawl Stone Soup version 0.22.1-2-g9c5b331 (webtiles) character file.

62440 Lauz the Severer (level 14, -2/132 HPs)
             Began as a Minotaur Berserker on Nov 30, 2018.
             Was a High Priest of Trog.
             Slain by a harpy (15 damage)
             ... summoned by Kirke
             ... on level 4 of the Lair of Beasts.
             The game lasted 00:49:40 (20112 turns).

Lauz the Severer (Minotaur Berserker)              Turns: 20112, Time: 00:49:41

Health: -2/132     AC:  0    Str: 27    XL:     14   Next: 64%
Magic:  6/13       EV: 19    Int:  4    God:    Trog [*****.]
Gold:   1519       SH:  0    Dex: 10    Spells: 13/13 levels left

rFire    . . .     SeeInvis .   (weapon currently unavailable)
rCold    . . .     Gourm    .   (shield currently unavailable)
rNeg     . . .     Faith    .   (armour currently unavailable)
rPois    .         Spirit   .   (helmet currently unavailable)
rElec    .         Reflect  .   (cloak currently unavailable)
rCorr    .         Harm     .   (gloves currently unavailable)
MR       +....                  (boots currently unavailable)
Stlth    +.........             T - amulet of regeneration
HPRegen  0.72/turn              (ring currently unavailable)
MPRegen  0.13/turn              (ring currently unavailable)

@: about to teleport, pig-form, very quick
A: small, (retaliatory headbutt)
a: Berserk, Trog's Hand, Brothers in Arms, Renounce Religion


You were on level 4 of the Lair of Beasts.
You worshipped Trog.
Trog was extremely pleased with you.
You were hungry.
You were a filthy swine.
You visited 2 branches of the dungeon, and saw 19 of its levels.

You collected 1519 gold pieces.

Inventory:

Hand Weapons
 q - a +3 battleaxe of chopping
 y - a +7 antimagic executioner's axe (melded)
 D - the +9 mace of Mana {protect, Dex+4}
   (You found it on level 7 of the Dungeon)

   It protects the one who uses it against injury (+AC on strike).
   It affects your dexterity (+4).
 S - the +1 morningstar "Lyuclus" {flame, Str+4}
   (You took it off a crimson imp on level 10 of the Dungeon)

   It has been specially enchanted to burn those struck by it, causing extra
   injury to most foes and up to half again as much damage against particularly
   susceptible opponents.
   It affects your strength (+4).
 V - a +6 blowgun
 Z - a +3 antimagic battleaxe
Missiles
 I - 66 poisoned needles
 W - 5 curare-tipped needles
Armour
 i - a +2 pair of gloves (melded)
 w - a +0 plate armour
 B - a +1 cloak of poison resistance (melded)
 G - a +2 chain mail of cold resistance (melded)
 P - a +1 hat (melded)
 R - a +0 pair of boots (melded)
Jewellery
 b - an uncursed ring of protection from magic
 s - an uncursed ring of stealth
 x - the ring "Vol Wer" (melded) {*Contam rN++ Int+3 Stlth+}
   (You found it on level 13 of the Dungeon)

   [ring of stealth]

   It affects your intelligence (+3).
   It greatly protects you from negative energy.
   It causes magical contamination when unequipped.
   It makes you more stealthy.
 J - a +6 ring of strength (melded)
 M - an uncursed ring of see invisible
 Q - an uncursed amulet of faith
 T - an amulet of regeneration (around neck)
 U - an uncursed ring of positive energy
 X - an uncursed ring of flight
Wands
 A - a wand of paralysis (17)
 C - a wand of iceblast (11)
 E - a wand of disintegration (36)
 H - a wand of acid (13)
 O - a wand of digging (12)
 Y - a wand of enslavement (25)
Scrolls
 a - 2 scrolls of identify
 d - 6 scrolls of enchant armour
 g - 6 scrolls of teleportation
 k - 6 scrolls of magic mapping
 o - 8 scrolls of remove curse
 p - a scroll of fog
 F - 3 scrolls of blinking
 L - a scroll of fear
Potions
 e - 7 potions of heal wounds
 f - 6 potions of mutation
 h - 4 potions of haste
 j - a potion of invisibility
 l - 6 potions of curing
 m - a potion of degeneration
 n - 8 potions of flight
 r - 3 potions of ambrosia
 t - a potion of berserk rage
 u - 5 potions of might
 v - 6 potions of brilliance
 z - 4 potions of agility
 K - a potion of experience {unknown}
 N - a potion of resistance
Comestibles
 c - 31 rations


   Skills:
 + Level 14.0 Fighting
 + Level 20.0 Axes
 - Level 0.4(13.5) Maces & Flails
 * Level 14.5 Armour
 * Level 9.2 Dodging
 - Level 1.0 Evocations


You had 13 spell levels left.
You didn't know any spells.
Your spell library was empty.

Dungeon Overview and Level Annotations

Branches:
Dungeon (15/15)            Temple (0/1) D:4            Lair (4/6) D:11
  Swamp (0/4) Lair:4       Spider (0/4) Lair:4          Orc (0/2) D:12
 Vaults (0/5) D:13         Depths (0/5) D:15

Altars:
Cheibriados
Dithmenos
Fedhas
Gozag
Makhleb
Qazlal
Sif Muna
Trog
Wu Jian
Xom
Yredelemnul
Zin
The Shining One

Shops:
D:8 [

Annotations:
Lair:4 Kirke


Innate Abilities, Weirdness & Mutations

((You reflexively headbutt those who attack you in melee.))
((You have a pair of horns on your head.))


Message History

Press: ? - help, v - describe, . - travel A staircase to the Swamp.
The harpy screeches!
The harpy closely misses you. The harpy barely misses you.
The harpy misses you. x2; The harpy completely misses you.
The harpy closely misses you.
The harpy screeches!
The harpy claws you.
* * * LOW HITPOINT WARNING * * *
The harpy claws you.
* * * LOW HITPOINT WARNING * * *
As you read the scroll of teleportation, it crumbles to dust.
You feel strangely unstable.
The harpy screeches!
The harpy claws you!
* * * LOW HITPOINT WARNING * * *
The harpy claws you!
* * * LOW HITPOINT WARNING * * *
The harpy claws you!
You die...

....................††......###
....................†.......#
........../.................P#
.................#.#.P.#.##.##
...#P.#P.........##.#######.#
...####..#.###....####.# ..#
...#........##......... #..
.(.##.......#.....##..
...#........#..Hh##.##
....######.P#..HH#.#
...##.####...#....#####+
................h.......
.......................§
.......................§
..............h.h.......
......................§.
.......................§


You could see 3 harpies and 3 hogs.

Vanquished Creatures
  Gastronok (D:10)
  A fire giant (D:15)
  Snorg (D:11)
  Josephine (D:12)
  2 catoblepae
  3 hydras
  2 vault guards (D:13)
  2 two-headed ogres
  4 death yaks (Lair:2)
  3 centaur warriors
  A tengu warrior (D:15)
  Urug (D:11)
  Sonja (D:11)
  An unseen horror (D:13)
  A wizard (D:13)
  A wolf spider zombie (D:14)
  A deep elf mage (D:14)
  14 ugly things
  5 cyclopes
  3 manticores
  9 elephants (Lair:4)
  A guardian serpent (D:11)
  2 black mambas (Lair:1)
  A centaur zombie (D:14)
  Maurice (D:13)
  Psyche (D:10)
  A gargoyle (D:15)
  2 centaur skeletons (D:15)
  10 spiny frogs
  3 komodo dragons
  An efreet (D:12)
  A tengu conjurer (D:15)
  2 jumping spiders (Lair:4)
  A merfolk (D:10)
  2 trolls
  A polar bear (Lair:4)
  10 hippogriffs
  A meliai zombie (D:14)
  2 water elementals (D:15)
  4 basilisks
  5 wraiths
  20 humans (D:13)
  37 yaks
  3 hogs (Lair:4)
  4 hungry ghosts
  4 vampire mosquitoes (D:15)
  2 insubstantial wisps (Lair:4)
  2 wargs (D:11)
  A soldier ant (D:12)
  2 water moccasins (Lair:4)
  4 porcupines (Lair:2)
  9 orc warriors
  2 phantoms
  6 ice beasts
  7 ogres
  2 black bears
  6 sky beasts
  13 wolves
  An eye of draining (D:9)
  19 centaurs
  4 crocodiles
  2 big kobolds (D:8)
  12 bullfrogs
  A gnoll sergeant (D:11)
  5 scorpions
  A scorpion (shapeshifter) (D:14)
  10 killer bees
  5 wights (D:11)
  3 howler monkeys
  3 electric eels (D:15)
  20 crimson imps
  5 hounds
  3 bullfrog zombies (D:9)
  3 bullfrog skeletons
  5 jellies
  5 orc priests
  Crazy Yiuf (D:7)
  3 iguanas
  11 orc wizards
  12 worker ants
  A hound skeleton (D:4)
  Robin (D:4)
  A worker ant zombie (D:9)
  16 adders
  7 gnolls
  4 shadow imps
  A white imp (D:10)
  An adder skeleton (D:8)
  2 adder zombies
  7 worms
  3 dart slugs
  6 leopard geckos
  47 orcs
  5 giant cockroaches
  12 goblins
  9 hobgoblins
  25 jackals
  3 quokkas
  A ball python (D:2)
  3 bats
  A frilled lizard (D:3)
  16 kobolds
  2 quokka skeletons (D:5)
  A quokka zombie (D:9)
  6 rats
  A fungus (Lair:4)
  A plant (Lair:2)
551 creatures vanquished.

Vanquished Creatures (others)
  7 fungi
  3 plants (Lair:2)
10 creatures vanquished.

Grand Total: 561 creatures vanquished

Notes
Turn   | Place    | Note
-------+----------+-------------------------------------------
     0 | D:1      | Lauz the Minotaur Berserker began the quest for the Orb.
     0 | D:1      | Reached XP level 1. HP: 19/19 MP: 0/0
    84 | D:1      | Reached skill level 4 in Axes
   249 | D:1      | Reached XP level 2. HP: 27/27 MP: 1/1
   665 | D:2      | Reached XP level 3. HP: 30/33 MP: 2/2
   947 | D:2      | Reached ** piety under Trog
   952 | D:2      | Reached skill level 5 in Axes
  1153 | D:2      | Found a shimmering altar of Xom.
  1226 | D:2      | Reached XP level 4. HP: 34/41 MP: 3/3
  1477 | D:2      | Found a deep blue altar of Sif Muna.
  1978 | D:3      | Found a snail-covered altar of Cheibriados.
  2194 | D:3      | Reached skill level 6 in Axes
  2507 | D:3      | Found a bloodstained altar of Trog.
  2530 | D:3      | Reached XP level 5. HP: 43/47 MP: 4/4
  2647 | D:3      | Found a glowing silver altar of Zin.
  2752 | D:3      | Found a faded altar of an unknown god.
  2851 | D:4      | Found a staircase to the Ecumenical Temple.
  2982 | D:3      | Reached *** piety under Trog
  3396 | D:4      | Reached skill level 7 in Axes
  3410 | D:4      | Reached skill level 5 in Fighting
  3566 | D:4      | Found an opulent altar of Gozag.
  3577 | D:4      | Reached XP level 6. HP: 47/56 MP: 5/5
  3865 | D:4      | Found a stormy altar of Qazlal.
  4014 | D:4      | Noticed Robin
  4024 | D:4      | Killed Robin
  4369 | D:4      | Reached skill level 8 in Axes
  4618 | D:4      | Found a basalt altar of Yredelemnul.
  4713 | D:4      | Found a burning altar of Makhleb.
  4792 | D:5      | Entered Level 5 of the Dungeon
  4801 | D:5      | Reached XP level 7. HP: 57/61 MP: 6/6
  4884 | D:5      | Reached skill level 9 in Axes
  5188 | D:5      | Reached skill level 10 in Axes
  5270 | D:5      | Reached **** piety under Trog
  5336 | D:5      | Reached XP level 8. HP: 60/70 MP: 7/7
  5538 | D:5      | Reached skill level 11 in Axes
  5835 | D:6      | Found an ornate altar of the Wu Jian Council.
  5836 | D:6      | Found a blossoming altar of Fedhas.
  6313 | D:6      | Reached skill level 12 in Axes
  6488 | D:7      | Found a glowing golden altar of the Shining One.
  6690 | D:7      | Reached XP level 9. HP: 76/78 MP: 8/8
  6737 | D:7      | Reached skill level 13 in Axes
  7118 | D:7      | Found a runed door.
  7186 | D:7      | Noticed Crazy Yiuf
  7190 | D:7      | Killed Crazy Yiuf
  7222 | D:7      | Got an encrusted mace
  7559 | D:8      | Reached skill level 14 in Axes
  7566 | D:8      | Reached ***** piety under Trog
  7922 | D:8      | Found Oviuram's Armour Shop.
  8740 | D:9      | Reached skill level 15 in Axes
  8752 | D:9      | Reached XP level 10. HP: 79/88 MP: 9/9
  9095 | D:9      | Got a brightly glowing leather armour
  9204 | D:9      | Found a shadowy altar of Dithmenos.
  9649 | D:10     | Entered Level 10 of the Dungeon
  9747 | D:10     | Noticed Gastronok
  9785 | D:10     | Killed Gastronok
  9785 | D:10     | Reached skill level 16 in Axes
 10050 | D:10     | Noticed a white ugly thing
 10099 | D:10     | Killed a white ugly thing
 10099 | D:10     | Reached skill level 17 in Axes
 10242 | D:10     | Received a gift from Trog
 10249 | D:10     | Noticed Psyche
 10258 | D:10     | Killed Psyche
 10258 | D:10     | Reached XP level 11. HP: 79/99 MP: 7/10
 10961 | D:10     | Got a dazzling morningstar {flame}
 10962 | D:10     | Identified the +1 morningstar "Lyuclus" {flame, Str+4} (You
                  | took it off a crimson imp on level 10 of the Dungeon)
 10963 | D:10     | Identified the +9 mace of Mana {protect, Dex+4} (You found
                  | it on level 7 of the Dungeon)
 11103 | D:11     | Noticed Sonja
 11113 | D:11     | Killed Sonja
 11157 | D:11     | Noticed Snorg
 11173 | D:11     | Killed Snorg
 11173 | D:11     | Reached skill level 10 in Fighting
 11173 | D:11     | Reached skill level 5 in Armour
 11452 | D:11     | Noticed Urug
 11467 | D:11     | Killed Urug
 11707 | D:11     | Received a gift from Trog
 11813 | D:11     | Reached skill level 1 in Evocations
 11838 | D:11     | Found a staircase to the Lair.
 12137 | D:12     | Noticed Josephine
 12151 | D:12     | Killed Josephine
 12334 | D:12     | Reached XP level 12. HP: 105/108 MP: 11/11
 12531 | D:12     | Found a staircase to the Orcish Mines.
 12866 | D:13     | Noticed a catoblepas
 12878 | D:13     | Reached skill level 5 in Dodging
 12878 | D:13     | Killed a catoblepas
 12994 | D:13     | Noticed a two-headed ogre
 13010 | D:13     | Killed a two-headed ogre
 13010 | D:13     | Reached skill level 10 in Armour
 13044 | D:13     | Noticed Maurice
 13050 | D:13     | Killed Maurice
 13243 | D:13     | Reached skill level 18 in Axes
 13247 | D:13     | Got a steaming golden ring
 13249 | D:13     | Identified the ring "Vol Wer" {*Contam rN++ Int+3 Stlth+}
                  | (You found it on level 13 of the Dungeon)
 13326 | D:13     | Noticed a centaur warrior
 13334 | D:13     | Killed a centaur warrior
 13431 | D:13     | Received a gift from Trog
 13455 | D:13     | Found a gate to the Vaults.
 13455 | D:13     | Noticed a vault guard
 13455 | D:13     | Noticed a vault guard
 13465 | D:13     | Killed a vault guard
 13468 | D:13     | Killed a vault guard
 13598 | D:13     | Reached XP level 13. HP: 118/118 MP: 12/12
 15051 | D:15     | Entered Level 15 of the Dungeon
 15161 | D:15     | Found a staircase to the Depths.
 15161 | D:15     | Noticed a fire giant
 15173 | D:15     | Killed a fire giant
 15530 | D:15     | Reached ****** piety under Trog
 15735 | D:15     | Reached skill level 19 in Axes
 16979 | D:11     | Got an ebony trident {pierce}
 16995 | Lair:1   | Entered Level 1 of the Lair of Beasts
 17011 | Lair:1   | Received a gift from Trog
 17509 | Lair:1   | Reached XP level 14. HP: 127/129 MP: 13/13
 18354 | Lair:2   | Got a bloodstained hand axe
 18355 | Lair:2   | Identified the +3 hand axe of Gati {freeze, rElec} (You
                  | found it on level 2 of the Lair of Beasts)
 19642 | Lair:4   | Found a hole to the Spider Nest.
 19939 | Lair:4   | Received a gift from Trog
 20083 | Lair:4   | Noticed Kirke
 20084 | Lair:4   | Reached skill level 20 in Axes
 20107 | Lair:4   | Found a staircase to the Swamp.
 20112 | Lair:4   | Slain by a harpy

Skill      XL: |  1  2  3  4  5  6  7  8  9 10 11 12 13 14 |
---------------+-------------------------------------------+-----
Axes           | 4 5 6 7 8 10 12 15 17 18 19 20 | 20.0
Fighting       | 4 5 6 8 9 10 12 13 14 | 14.0
Armour         | 3 8 11 13 14 | 14.5
Dodging        | 4 6 8 9 |  9.2
Evocations     | 1 |  1.0
Maces & Flails | |  0.4

Action                   |  1- 3 |  4- 6 |  7- 9 | 10-12 | 13-15 || total
-------------------------+-------+-------+-------+-------+-------++-------
Melee: Hand axe          |    70 |   183 |   267 |       |       ||   520
       Headbutt          |    15 |    27 |    76 |   107 |   109 ||   334
       War axe           |       |       |   116 |   334 |       ||   450
       Broad axe         |       |       |       |   145 |   221 ||   366
       Battleaxe         |       |       |       |       |   101 ||   101
       Executioner's axe |       |       |       |       |    87 ||    87
       Mace              |       |       |       |       |    14 ||    14
 Fire: Blowgun           |       |       |       |    16 |       ||    16
Invok: Berserk           |       |     1 |     3 |     2 |     3 ||     9
       Trog's Hand       |       |       |       |       |     1 ||     1
Evoke: Wand              |       |       |       |     5 |       ||     5
  Use: Scroll            |       |     8 |       |     9 |    17 ||    34
 Stab: Sleeping          |     1 |     3 |       |       |       ||     4
       Paralysed         |       |       |       |     2 |       ||     2
       Petrified         |       |       |       |       |     1 ||     1
  Eat: Chunk             |       |    12 |    10 |    21 |    18 ||    61
       Ration            |       |       |     2 |       |     2 ||     4
Armor: Animal skin       |    14 |     4 |       |       |       ||    18
       Chain mail        |       |    65 |   156 |   265 |   223 ||   709
Dodge: Dodged            |    29 |    76 |   130 |   211 |   289 ||   735
